Cogmind - Beta 11 @@@ ROGUE MODE // 2022.03.29 @ 11:21:37 Player: TotallyRasta Result: Destroyed by 8R-AWN with 8R-AWN's Boregun Performance ------------- Evolutions (0) 0 Regions Visited (3) 600 Robots Destroyed (10) 50 Value Destroyed (313) 313 Prototype IDs (23) 460 Alien Tech Used (0) 0 Bonus (66) 66 TOTAL SCORE: 1489 Bonus ------- Aligned with FarCom 300 Friendly Fire -234 Cogmind --------- Core Integrity 0/250 Matter 250/300 Energy 13/125 System Corruption 0% Temperature Hot (278) Movement Treading (240) Ox1 Location -10/Exiles Parts ------- > --- POWER (1) -------- Light Ion Engine > --- PROPULSION (2) --- Light Treads Armored Wheel > --- UTILITY (2) ------ Large Storage Unit Weapon Shielding > --- WEAPON (2) ------- Longsword +1 > --- INVENTORY (15) --- Armored Wheel Armored Wheel Small Storage Unit Targeting Computer Shock Absorption System EM Shotgun AWS/Thermal Firepult Assault Rifle Peak State ------------ > --- POWER ------------ Light Ion Engine > --- PROPULSION ------- Light Treads Armored Wheel > --- UTILITY ---------- Improved Heat Sink Large Storage Unit > --- WEAPON ----------- AWS/Thermal > --- INVENTORY -------- Light Treads Armored Wheel Armored Wheel Small Storage Unit Targeting Computer Weapon Shielding Shock Absorption System EM Shotgun Firepult Assault Rifle Longsword +1 [Rating: 28] Favorites ----------- Power Light Ion Engine Engine Light Ion Engine Propulsion Light Treads Treads Light Treads Wheel Armored Wheel Utility Improved Heat Sink Device Improved Heat Sink Storage Large Storage Unit Processor Signal Interpreter Protection Weapon Shielding Weapon EM Shotgun Energy Gun EM Shotgun Energy Cannon Firepult Ballistic Gun Assault Rifle Slashing Weapon Longsword +1 Build | -11 -10 -10 -10 ------- Run | Scr Mat Min Exi Slots Evolved . | . . . . Power . | . . . . Propulsion . | . . . . Utility . | . . . . Weapon . | . . . . Parts Attached 21 | 6 9 . 6 Power 3 | 1 2 . . Engine 3 | 1 2 . . Core . | . . . . Reactor . | . . . . Propulsion 4 | 2 1 . 1 Treads 2 | 1 . . 1 Leg . | . . . . Wheel 2 | 1 1 . . Hover . | . . . . Flight . | . . . . Utility 5 | 1 3 . 1 Device 1 | . 1 . . Storage 2 | 1 1 . . Processor 1 | . 1 . . Hackware . | . . . . Protection 1 | . . . 1 Artifact . | . . . . Weapon 9 | 2 3 . 4 Energy Gun 5 | 1 3 . 1 Energy Cannon 1 | . . . 1 Ballistic Gun 1 | 1 . . . Ballistic Cannon . | . . . . Launcher . | . . . . Special Weapon . | . . . . Impact Weapon . | . . . . Slashing Weapon 2 | . . . 2 Piercing Weapon . | . . . . Special Melee Weapon . | . . . . Unidentified Prototypes . | . . . . Parts Lost 5 | . 2 1 2 Power 1 | . 1 . . Propulsion 1 | . . . 1 Utility 1 | . . . 1 Weapon 2 | . 1 1 . Highest Loss Streak 2 | . 1 1 2 To Critical Strikes 2 | . . 1 1 Average Slot Usage (%) 92 | . 98 91 84 Engine 14 | . 14 14 14 Treads 14 | . 14 14 14 Wheel 14 | . 14 14 14 Device 13 | . 12 14 13 Storage 14 | . 14 14 14 Energy Gun 19 | . 24 20 13 Ballistic Gun 1 | . 2 . . Naked Turns . | . . . . Heaviest Build 32 | 12 30 30 32 Greatest Support 20 | 20 16 12 20 Greatest Overweight (x) 2 | . 2 2 2 Average Overweight (x) 1 | . 1 2 1 Largest Inventory Capacity 15 | 8 15 15 15 Average Capacity 12 | 7 9 15 15 Most Carried 14 | 4 8 10 14 Average Carried 8 | 1 6 8 9 Final Capacity 15 | 8 15 15 15 Final Carried 11 | 4 8 10 11 Class Distribution -------------------- 100% | Mutant Dominant Class ---------------- Mutant | -10/Materials Mutant | -10/Mines Mutant | -10/Exiles Resources | -11 -10 -10 -10 ----------- Run | Scr Mat Min Exi Matter Collected 365 | 233 132 . . Remotely . | . . . . Salvage Created 468 | . 325 26 117 Parts 17 | . 17 . . Haulers Intercepted . | . . . . Recyclers Shooed . | . . . . Parts Field Recycled . | . . . . Retrieved Matter . | . . . . Parts Self-Destructed . | . . . . Prevented . | . . . . Kills | -11 -10 -10 -10 ------- Run | Scr Mat Min Exi Combat Hostiles Destroyed 17 | . 9 1 7 Guns 9 | . 8 1 . AOE 7 | . . . 7 Classes Destroyed 4 | . 2 1 1 Swarmer 3 | . 3 . . Grunt 6 | . 6 . . Demolisher 1 | . . 1 . Assembled 7 | . . . 7 Best Kill Streak 7 | . 3 1 7 Combat Bots Only 7 | . 3 1 7 Max Kills in Single Turn 4 | . 1 1 4 Gunslinging . | . . . . Exploded 4 | . . . 4 Melee . | . . . . Uniques/NPCs Destroyed . | . . . . Combat | -11 -10 -10 -10 -------- Run | Scr Mat Min Exi Damage Taken 955 | . 426 119 410 Core 255 | . 105 25 125 Absorbed by Shields . | . . . . Core Remaining (%) 100 | 100 . . . Volleys Fired 26 | . 22 2 2 Largest 2 | . 2 1 1 Hottest 250 | . 90 45 250 Shots Fired 45 | . 41 2 2 Gun 43 | . 41 2 . Cannon 2 | . . . 2 Launcher . | . . . . Special . | . . . . Kinetic 5 | . 5 . . Thermal 2 | . . . 2 Explosive . | . . . . Electromagnetic 38 | . 36 2 . Robot Hit Streak 15 | . 15 8 4 Robot Miss Streak 2 | . 2 1 1 Penetration Max . | . . . . Secondary Targets 2 | . 2 . . Max Gunslinging Chain 1 | . 1 . . Shots Hit Robots 48 | . 39 2 7 Core Hits 36 | . 17 2 17 Critical Kills . | . . . . Critical Parts Destroyed . | . . . . Critical Strikes 1 | . . . 1 Sever 1 | . . . 1 Melee Attacks 5 | . . . 5 Impact . | . . . . Slashing 5 | . . . 5 Piercing . | . . . . Sneak Attacks 1 | . . . 1 Combat Hostiles . | . . . . Follow-up Attacks . | . . . . Damage Inflicted 1217 | . 560 25 632 Guns 582 | . 557 25 . Cannons 40 | . . . 40 Explosions 332 | . . . 332 Melee 260 | . . . 260 Ramming 3 | . 3 . . Kinetic 51 | . 51 . . Thermal 372 | . . . 372 Explosive . | . . . . Electromagnetic 531 | . 506 25 . Impact . | . . . . Slashing 260 | . . . 260 Piercing . | . . . . Highest Corruption . | . . . . Average Corruption . | . . . . Corruption Purged . | . . . . Corruption Blocked . | . . . . Overload Shots . | . . . . Overflow Damage . | . . . . Projectiles . | . . . . Explosions . | . . . . Melee . | . . . . Knockbacks . | . . . . Impact . | . . . . Kinetic . | . . . . Secondary . | . . . . Self-Inflicted Damage 7 | . 1 . 6 Shots 1 | . . . 1 Rammed 1 | . 1 . . Targets Rammed 1 | . 1 . . Kicked . | . . . . Crushed . | . . . . Highest Temperature 496 | . 24 . 496 Average Temperature 138 | . 8 . 359 Received Heat Transfer 197 | . 177 20 . Effects 1 | . . . 1 Shutdowns 1 | . . . 1 Siege Activations . | . . . . Robots Corrupted 1 | . 1 . . Combat Hostiles 1 | . 1 . . Parts Fried 3 | . 3 . . Impact Corruptions . | . . . . Robots Melted . | . . . . Combat Hostiles . | . . . . Parts Melted 2 | . . . 2 Heat Transferred 2300 | . . . 2300 Parts Sabotaged . | . . . . Parts Stolen . | . . . . Parts Stripped . | . . . . Power Chain Reactions . | . . . . Missiles Intercepted . | . . . . Alert | -11 -10 -10 -10 ------- Run | Scr Mat Min Exi Peak Influence 233 | . 233 55 . Initial 45 | . . 45 . Average 84 | . 94 49 . Maximum Alert Level 1 | . 1 . . Low Security (%) 88 | 100 86 100 . Level 1 11 | . 13 . . Level 2 . | . . . . Level 3 . | . . . . Level 4 . | . . . . Level 5 . | . . . . High Security . | . . . . Max Security . | . . . . Squads Dispatched 1 | . 1 . . Investigation . | . . . . Extermination . | . . . . Reinforcement 1 | . 1 . . Assault . | . . . . Garrison . | . . . . Intercept . | . . . . Searches Triggered . | . . . . Construction Impeded . | . . . . Haulers Reinforced . | . . . . Active Scanning Responses . | . . . . Cargo Convoy Interrupts . | . . . . Stealth | -11 -10 -10 -10 --------- Run | Scr Mat Min Exi Distress Signals 1 | . 1 . . Communications Jammed . | . . . . Distress Signals . | . . . . Times Spotted 32 | . 18 6 8 Peak Tracking Total 9 | . 8 6 9 Tactical Retreats 1 | . 1 . . Traps | -11 -10 -10 -10 ------- Run | Scr Mat Min Exi Traps Triggered 1 | . 1 . . Indirectly . | . . . . Trap Hack Attempts . | . . . . Triggered . | . . . . Disarmed 4 | . 4 . . Reprogrammed . | . . . . Reused . | . . . . Traps Extracted . | . . . . Installed . | . . . . Triggered . | . . . . Machines | -11 -10 -10 -10 ---------- Run | Scr Mat Min Exi Machines Disabled 3 | . . . 3 Max in Single Turn 2 | . . . 2 Machines Sabotaged . | . . . . Garrisons Compromised . | . . . . Overloaded Fab Kills . | . . . . Hacking | -11 -10 -10 -10 --------- Run | Scr Mat Min Exi Machines Accessed 5 | . 4 . 1 Terminals 4 | . 4 . . Fabricators . | . . . . Repair Stations . | . . . . Recycling Units . | . . . . Scanalyzers . | . . . . Garrison Access . | . . . . Total Hacks 12 | . 11 . 1 Successful 6 | . 5 . 1 Failed 6 | . 6 . . Catastrophic 2 | . 2 . . Database Lockouts . | . . . . Manual 2 | . 1 . 1 Terminals 11 | . 11 . . Fabricators . | . . . . Repair Stations . | . . . . Recycling Units . | . . . . Scanalyzers . | . . . . Garrison Access . | . . . . Terminal Hacks 6 | . 5 . 1 Branch Access Points 1 | . 1 . . Emergency Access Points 1 | . 1 . . Locate Traps 1 | . 1 . . Disarm Traps 1 | . 1 . . Hauler Manifests 1 | . 1 . . EX-Prototype ID Bank 1 | . . . 1 Fabricator Hacks . | . . . . Repair Station Hacks . | . . . . Recycling Unit Hacks . | . . . . Scanalyzer . | . . . . Garrison Access Hacks . | . . . . Unauthorized Hacks . | . . . . Terminals . | . . . . Fabricators . | . . . . Repair Stations . | . . . . Recycling Units . | . . . . Scanalyzers . | . . . . Garrison Access . | . . . . Data Cores Recovered . | . . . . Used . | . . . . Hacking Detections 4 | . 4 . . Full Trace Events . | . . . . Feedback Events . | . . . . Feedback Blocked . | . . . . Robot Schematics Acquired . | . . . . Robots Built . | . . . . Authchips . | . . . . Time . | . . . . Total Robot Build Rating . | . . . . Part Schematics Acquired . | . . . . Parts Built . | . . . . Authchips . | . . . . Time . | . . . . Total Part Build Rating . | . . . . Parts Repaired . | . . . . Time . | . . . . Parts Recycled . | . . . . Recycled Matter . | . . . . Retrieved Matter . | . . . . Retrieved Components . | . . . . Parts Scanalyzed . | . . . . Part Schematics Acquired . | . . . . Parts Damaged . | . . . . Bothacking | -11 -10 -10 -10 ------------ Run | Scr Mat Min Exi Used RIF Installer . | . . . . Robots Hacked . | . . . . Non-combat . | . . . . Combat . | . . . . Robot Hacks Applied . | . . . . Relay Couplers Released . | . . . . Fabnet Peak Effective % . | . . . . Robots Rewired . | . . . . Allies Hacked . | . . . . Hacks Repelled . | . . . . Allies | -11 -10 -10 -10 -------- Run | Scr Mat Min Exi Total Allies . | . . . . Largest Group . | . . . . Highest-Rated Group . | . . . . Highest-Rated Ally . | . . . . Total Orders . | . . . . Ally Attacks . | . . . . Total Damage . | . . . . Kills . | . . . . Allies Corrupted . | . . . . Allies Melted . | . . . . Intel | -11 -10 -10 -10 ------- Run | Scr Mat Min Exi Robot Analysis Total . | . . . . Derelict Logs Recovered . | . . . . Drone Launches . | . . . . Drone Recoveries . | . . . . Exploration | -11 -10 -10 -10 ------------- Run | Scr Mat Min Exi Turns Passed 1489 | 45 725 116 603 Spaces Moved 1139 | 32 546 84 477 Core 1 | 1 . . . Treads 3 | 1 . . 2 Legs . | . . . . Wheels 1135 | 30 546 84 475 Hover . | . . . . Flight . | . . . . Fastest Speed 50 | 50 90 120 120 Average Speed 113 | 100 107 120 120 Slowest Speed 240 | 160 120 120 240 Overloaded Moves . | . . . . Propulsion Burnouts . | . . . . Robots Hopped . | . . . . Cave-ins Triggered . | . . . . Exploration Rate (%) 39 | 3 83 28 43 Regions Visited 3 Branch Regions 2 Pre-discovered Areas . | . . . . Known Exits Taken 1 | . 1 . . Unknown Exits Taken 2 | 1 . 1 . Scrap Searched . | . . . . Spaces Dug . | . . . . Terrain Destroyed 8 | . . . 8 Melee . | . . . . Projectile . | . . . . AOE 8 | . . . 8 Terrain Rammed . | . . . . Walls Destroyed . | . . . . Machines Disabled . | . . . . Actions | -11 -10 -10 -10 --------- Run | Scr Mat Min Exi Total 1284 | 41 645 97 501 Wait 57 | . 50 4 3 Move 1136 | 31 545 83 477 Hop . | . . . . Pick Up 16 | 4 8 2 2 Fast Attach 11 | 6 4 . 1 Attach 7 | . 2 . 5 Detach 7 | . 3 . 4 Swap 3 | . 3 . . Drop 9 | . 7 . 2 Fire 26 | . 22 2 2 Melee 5 | . . . 5 Ram 1 | . 1 . . Kick . | . . . . Crush . | . . . . Escape Stasis . | . . . . Rewire 6 | . . 6 . Trap . | . . . . Miscellaneous . | . . . . Route ------- -11/Scrapyard -10/Materials (discovered 3 exits: [*Mat x2] / *Min) -10/Mines -10/Exiles (discovered 1 exit: [*Min]) History --------- Turn | Location | Event 17 | -11/Scrapyard | Discovered new exit (range 15) 46 | -11/Scrapyard | Entered Materials 70 | -10/Materials | Identified exit to Mines 265 | -10/Materials | Discovered new exit (range 5) 310 | -10/Materials | Build established: Mutant 450 | -10/Materials | Discovered new exit (range 16) 771 | -10/Materials | Entered Mines 772 | -10/Mines | Assembled infested the area 817 | -10/Mines | Met 8R-AWN 823 | -10/Mines | Core integrity fell below 50% 882 | -10/Mines | Discovered new exit (range 5) 887 | -10/Mines | Entered Exiles 916 | -10/Exiles | Welcomed by 8R-AWN 935 | -10/Exiles | Met EX-HEX 970 | -10/Exiles | Met EX-BIN 1070 | -10/Exiles | Learned about 8R-AWN's background 1105 | -10/Exiles | Discovered new exit (range 15) 1199 | -10/Exiles | Aligned with FarCom system 1200 | -10/Exiles | Given EX-Vault access code 1228 | -10/Exiles | Opened EX-Vault 1240 | -10/Exiles | Found AWS/Thermal 1298 | -10/Exiles | Warned to stay clear of 0b10 Research branches 1343 | -10/Exiles | Found Longsword +1 1350 | -10/Exiles | Found Firepult 1465 | -10/Exiles | Attacked by the Exiles 1482 | -10/Exiles | Core integrity fell below 20% 1490 | -10/Exiles | Destroyed by 8R-AWN with 8R-AWN's Boregun Last Messages --------------- 01479_ as-88928 destroyed. 01479_ as-29847 destroyed. 01479_ Machine disabled. 01479_ Melted Asb. Hover Unit. 01479_ Melted Asb. Maul. 01479_ as-05704 destroyed. 01480_ Penetrated by HV Slug. 01480_ HV Slug penetrates Earth. 01481_ Power failure, Lgt. Ion Engine shutdown. 01481_ Penetrated by HV Slug. 01481_ HV Slug penetrates Earth. 01483_ Penetrated by HV Slug. 01483_ HV Slug penetrates Earth. 01484_ Penetrated by HV Slug. 01484_ HV Slug penetrates Earth. 01486_ Penetrated by HV Slug. 01486_ HV Slug penetrates Earth. 01487_ Penetrated by HV Slug. 01487_ HV Slug penetrates Earth. 01490_ Penetrated by HV Slug. Map ----- +----------------------------------------------------+ | """#?????????????????????????????????????????????? | | """#?????????????????????????????????????????????? | | """#?????????????????????????????????????????????? | | """#?????????????????????????????????????????????? | | """#?????????????????????????????????????????????? | | """#?????????????????????????????????????????????? | | """#?????????????????????????????????????????????? | | """##????????????????????????????????????????????? | | """""????????????????????????????????????????????? | | """##????????????????????????????????????????????? | | """""????????????????????????????????????????????? | | #?????????????????????????????????????????????? | | """#?????????????????????????????????????????????? | | ####?????????????????????#??????????????????????## | | ????????????????????????? ????????????????????## | | ????????????????????????? ???????????????????## | | ????????????????????????# #??????????????????# < | | ##########??????????????# #??????????????????# | | """""""""##?????????????# #??????????????????# | | " """ """"##????????????# #?????????????????## # | | "" " #????????????# #????????????????## # | | " """#????????????# #????????????????# | | " "#???????????##;##???????????????# | | " "##?????????## #??????????????## | | ""###???????# [ #?????????????## # | | """#??????## @%##????????????# ## | | "#????### % ###????????### ##? | | ##???# g ########## #?? | | ##?## #""""## ##?? | | ### % * ##?? | | * #?? | | ## ##? | | #"""""#### ## | | # ;########??#### * | | #######?????????????##### | | ##???????????????????????### | | " ##??????????????????????????### | | """ ""#?????????????????????????????### | | ""#" "##??????????????????????????????#" | | """##"""""""##???????????????????????????????#### | | """#?#########???????????????????????????????????# | | ##???????????????????????????????????????????????# | | ?????????????????????????????????????????????????? | | ?????????????????????????????????????????????????? | | ?????????????????????????????????????????????????? | | ?????????????????????????????????????????????????? | | ?????????????????????????????????????????????????? | | ?????????????????????????????????????????????????? | | ?????????????????????????????????????????????????? | | ?????????????????????????????????????????????????? | +----------------------------------------------------+ Best States ------------- Heat Dissipation 39 Energy Generation 10 Energy Capacity 125 Matter Stores 300 Matter Capacity 300 Sight Range 16 Terrain Scan Density 10 Weapon Shielding 33 Evasion (%) 40 Recoil Reduction 1 Item Schematics ----------------- None Robot Schematics ------------------ None Fabricated ------------ Nothing Alien Tech Used ----------------- None Achievements -------------- None Challenges ------------ None Game ------ Seed GlidesysSpacefoldSplitter Manual? 0 Play Time 00:21:29 Cumulative 106.4 hours Start 2022.03.29 @ 11:01:04 End 2022.03.29 @ 11:21:37 Sessions 1 Manual Loads 0 Difficulty Rogue Special Mode None Game No. 128 Rogue 128 Adventurer 0 Explorer 0 Win Type - Total 0 Types 0/0/0/0/0/0/0/0/0 Lore% 51 Gallery% 54 Achievement% 44 Wizard Run 0 Options --------- ASCII 0 Keyboard 1 Movement Numpad Keybinds 0 Fullscreen 1 Font 18/SmallcapsGlow Map View 76x50 Tactical HUD 1 Map Filters NONE Filters NONE Steam 1 RUN: 136c586f-d53f-4f2c-b25c-89e43dd68caa